 Dungeon Crawl Stone Soup version 0.27.0-1-g7a089689b8 (webtiles) character file.

Game seed: 17369262952241543061

121913 Anothat the Devastator (level 16, -4/141 HPs)
             Began as a Yellow Draconian Conjurer on Aug 9, 2021.
             Was a High Priest of Vehumet.
             Slain by an eight-headed hydra (5 damage)
             ... on level 4 of the Swamp on Aug 10, 2021.
             The game lasted 02:00:33 (40349 turns).

Anothat the Devastator (Yellow Draconian Conjurer) Turns: 40349, Time: 02:00:33

Health: -4/141     AC: 15    Str: 11    XL:     16   Next: 33%
Magic:  2/42       EV:  9    Int: 25    God:    Vehumet [*****.]
Gold:   432        SH:  0    Dex:  9    Spells: 10/41 levels left

rFire    . . .     SeeInvis .   f - staff of conjuration
rCold    . . .     Faith    .   (no shield)
rNeg     . . .     Spirit   .   (armour unavailable)
rPois    +         Reflect  .   H - +2 hat
rElec    .         Harm     .   S - +1 cloak {rPois}
rCorr    +         Rampage  .   V - +0 pair of gloves
Will     +....                  z - +0 pair of boots
Stlth    +.........             U - amulet of magic regeneration
HPRegen  0.33/turn              T - ring of magical power
MPRegen  0.53/turn              c - +4 ring of slaying

@: lethally poisoned (-4 -> -9), about to teleport, grasped by roots,
constricted, very slow
A: spit acid, AC +9, unfitting armour, acidic bite, cold-blooded, acid
resistance
a: Breathe Acid, Renounce Religion


You were on level 4 of the Swamp.
You worshipped Vehumet.
Vehumet was extremely pleased with you.
You visited 4 branches of the dungeon, and saw 22 of its levels.

You collected 1673 gold pieces.
You spent 1241 gold pieces at shops.

Inventory:

Hand Weapons
 b - a +0 mace
 d - a +3 dagger of pain
 k - a +1 vorpal hand axe
 u - a +3 war axe of electrocution
 F - a +0 vampiric war axe
Missiles
 m - 2 throwing nets
Armour
 h - a +1 cloak
 v - +0 steam dragon scales
 z - a +0 pair of boots (worn)
 A - a scarf of shadows
 H - a +2 hat (worn)
 S - a +1 cloak of poison resistance (worn)
 V - a +0 pair of gloves (worn)
Magical Staves
 f - a staff of conjuration (weapon)
Jewellery
 c - a +4 ring of slaying (right hand)
 i - a +6 ring of dexterity
 n - an amulet of reflection
 p - a ring of fire
 q - an amulet of guardian spirit
 w - a +6 ring of dexterity
 G - the amulet "Uffiegok" {Reflect rCorr SH+5}
   (You found it on level 6 of the Lair of Beasts)

   [amulet of reflection]

   It reflects blocked missile attacks.
   rCorr:     It protects you from acid and corrosion.
   SH:        It affects your SH (+5).
 N - a ring of see invisible
 Q - a ring of flight
 T - a ring of magical power (left hand)
 U - an amulet of magic regeneration (around neck)
 Y - a +6 ring of dexterity
Wands
 B - a wand of charming (28)
 D - a wand of polymorph (9)
 J - a wand of paralysis (13)
 P - a wand of flame (12)
Scrolls
 l - 6 scrolls of amnesia
 r - 8 scrolls of identify
 s - 2 scrolls of torment
 y - 2 scrolls of fog
 E - 2 scrolls of enchant weapon
 I - a scroll of teleportation
Potions
 e - 2 potions of brilliance
 g - 2 potions of flight
 j - 4 potions of ambrosia
 o - 2 potions of attraction
 t - 2 potions of mutation
 x - 2 potions of resistance
 K - 3 potions of might
 M - 4 potions of curing
 R - 2 potions of degeneration {unknown}
 X - a potion of haste
Miscellaneous
 a - a lightning rod (1/4)
 C - a condenser vane (inert)


   Skills:
 - Level 12.9 Fighting
 + Level 7.4 Staves
 - Level 2.0 Dodging
 - Level 2.0 Stealth
 + Level 13.1 Spellcasting
 + Level 15.4 Conjurations
 + Level 14.5 Earth Magic
 - Level 6.2 Evocations


You had 10 spell levels left.
You knew the following spells:

 Your Spells              Type           Power      Damage    Failure   Level
a - Magic Dart            Conj           100%       1d8       0%          1
b - Searing Ray           Conj           100%       3d7       0%          2
c - Stone Arrow           Conj/Erth      100%       3d13      0%          3
d - Iskenderun's Mystic   Conj/Tloc      70%        2d14      1%          4
e - Conjure Flame         Conj/Fire      70%        6-21      1%          3
f - Iron Shot             Conj/Erth      47%        9d9       1%          6
g - Iskenderun's Battles  Conj           96%        2d14      1%          5
h - Lee's Rapid Deconstr  Erth           36%        3d19*     1%          5
i - Passwall              Tmut/Erth      42%        N/A       1%          2

Your spell library contained the following spells:

 Spells                   Type           Power      Damage    Failure   Level
 Ozocubu's Refrigeration  Ice            8%         4d6       99%         7
 Sandblast                Erth           100%       2d20      0%          1
 Dazzling Flash           Conj/Hex       100%       N/A       1%          3
 Fulminant Prism          Conj/Hex       35%        3d18      1%          4
 Leda's Liquefaction      Hex/Erth       25%        N/A       1%          4
 Sticky Flame             Conj/Fire      70%        2d8       1%          4
 Lightning Bolt           Conj/Air       35%        1d53      1%          5
 Apportation              Tloc           32%        N/A       3%          1
 Summon Small Mammal      Summ           64%        N/A       3%          1
 Ignite Poison            Fire/Tmut/Pois 16%        N/A       3%          3
 Freezing Cloud           Conj/Ice/Air   29%        6-21      3%          5
 Blink                    Tloc           N/A        N/A       5%          2
 Starburst                Conj/Fire      35%        8x6d10    7%          6
 Airstrike                Air            8%         N/A       10%         4
 Call Canine Familiar     Summ           16%        N/A       11%         3
 Lesser Beckoning         Tloc           8%         N/A       11%         3
 Portal Projectile        Hex/Tloc       32%        N/A       11%         3
 Summon Guardian Golem    Hex/Summ       16%        N/A       11%         3
 Lehudib's Crystal Spear  Conj/Erth      47%        10d11     13%         8
 Summon Lightning Spire   Summ/Air       16%        N/A       34%         4
 Agony                    Necr           16%        N/A       69%         5
 Alistair's Intoxication  Tmut/Pois      10%        N/A       69%         5
 Blade Hands              Tmut           8%         N/A       69%         5
 Excruciating Wounds      Necr           8%         N/A       69%         5
 Manifold Assault         Tloc           16%        N/A       69%         5
 Silence                  Hex/Air        8%         N/A       69%         5
 Invisibility             Hex            8%         N/A       99%         6
 Simulacrum               Ice/Necr       8%         N/A       99%         6
 Polar Vortex             Ice            8%         N/A       100%        9
 Animate Armour           Summ/Erth      Unusable   N/A       N/A         4

Dungeon Overview and Level Annotations

Branches:
Dungeon (10/15)            Temple (0/1) D:4            Lair (6/6) D:8
  Swamp (4/4) Lair:2        Snake (0/4) Lair:2        Slime (0/5) Lair:6
    Orc (2/2) D:10            Elf (0/3) Orc:2

Altars:
Ashenzari
Cheibriados
Elyvilon
Fedhas
Gozag
Nemelex Xobeh
Ru
Trog
Uskayaw
Vehumet
Xom
Zin
The Shining One
Beogh
Jiyva

Shops:
D:6 *   D:9 *   Orc:1 ?   Orc:2 *==([

Annotations:
D:3 Grinder
Lair:6 1 runed translucent door
Swamp:1 1 runed translucent door


Innate Abilities, Weirdness & Mutations

You can spit globs of acid.
Your golden yellow scales are hard. (AC +9)
You cannot fit into any form of body armour.
You have acidic saliva.
You are cold-blooded and may be slowed by cold attacks.
You are resistant to acid. (rCorr)


Message History

Your spriggan druid is severely wounded.
Your spriggan druid is knocked back by the mystic blast.
The mystic blast hits the six-headed hydra!!
The six-headed hydra is heavily wounded.
The six-headed hydra is knocked back by the mystic blast.
The mystic blast hits your alligator!!
Your alligator is moderately wounded.
Your alligator is knocked back by the mystic blast.
Your alligator slams into the mangrove!
The mystic blast hits the five-headed hydra!
The five-headed hydra is moderately wounded.
The mystic blast hits your alligator!
Your alligator is moderately wounded.
Your alligator is knocked back by the mystic blast.
Your alligator collides with the eight-headed hydra!
Your alligator dissolves into shadows! x2
Your spriggan druid dissolves into shadows!
You hear a roar!
The swamp dragon breathes poison at you.
The blast of poison engulfs you.
You are poisoned.
You resist.
* * * LOW HITPOINT WARNING * * *
The five-headed hydra bites you.
* * * LOW HITPOINT WARNING * * *
The five-headed hydra completely misses you.
The five-headed hydra closely misses you.
The five-headed hydra bites you.
* * * LOW HITPOINT WARNING * * *
The five-headed hydra bites you.
* * * LOW HITPOINT WARNING * * *
The eight-headed hydra barely misses you.
The eight-headed hydra bites you but does no damage.
The eight-headed hydra bites you.
* * * LOW HITPOINT WARNING * * *
The eight-headed hydra bites you but does no damage.
The eight-headed hydra bites you.
* * * LOW HITPOINT WARNING * * *
The eight-headed hydra bites you.
You die...

.♣♣ ♣...♣ ♣.≈≈
≈. ♣♣♣♣ ♣≈.. §.
≈. ♣.≈≈ ≈♣♣♣.
♣≈≈. . ♣♣♣...♣
♣♣≈ ♣≈.D
≈.♣♣≈≈≈≈≈♣♣.≈.≈
♣♣..
♣.Df.≈§☼≈.○☼..♣
♣≈≈≈.☼☼○☼☼○☼≈.♣
#♣≈DD☼§@D°☼○≈≈.
♣.≈≈☼§§D☼☼D☼≈.
♣≈≈≈≈☼☼☼<.≈○D§.
♣§≈≈≈$.☼..w≈≈≈.
≈≈.≈.....≈≈≈≈≈.
≈...≈≈≈≈≈.≈≈≈.≈
≈..≈≈≈≈.♣♣.§..♣
≈..≈≈≈§.♣ ≈.♣♣♣


You could see a shambling mangrove, an eight-headed hydra, a seven-headed hydra,
a six-headed hydra, 2 five-headed hydras, 2 swamp dragons and a swamp worm.

Vanquished Creatures
  Rupert (Orc:2)
  Gastronok (Lair:3)
  A thorn hunter (Swamp:1)
  Kirke (Lair:5)
  2 fenstrider witches
  An orc warlord (Orc:2)
  5 bunyips
  6 eleionomae
  A shambling mangrove (Swamp:3)
  A fire dragon (Lair:6)
  2 boulder beetles
  14 hydras
  A catoblepas (Lair:2)
  2 ghost crabs
  2 two-headed ogres
  2 orc high priests (Orc:2)
  10 alligators
  3 death yaks
  Urug (Orc:2)
  Sonja (Lair:3)
  Nergalle (Orc:2)
  4 goliath frogs
  4 spriggan druids
  3 bog bodies
  4 swamp dragons (Swamp:3)
  A lindwurm (Lair:6)
  2 orc knights (Orc:2)
  3 orc sorcerers
  A manticore (Lair:6)
  2 cyclopes
  15 elephants
  3 will-o-the-wisps
  12 black mambas
  3 molten gargoyles (Lair:6)
  2 centaur zombies
  Maggie (D:6)
  2 kobold demonologists (D:10)
  13 cane toads
  16 rime drakes
  11 komodo dragons
  A troll (Orc:1)
  2 polar bears
  3 meliai (Lair:4)
  A bloated husk (Swamp:4)
  A queen bee (Lair:4)
  12 hornets
  14 blink frogs
  13 tyrant leeches
  14 spriggans
  A shadow (D:9)
  69 yaks
  A hog (Lair:5)
  11 basilisks
  Eustachio (D:4)
  7 wyverns
  4 steam dragons
  7 vampire mosquitoes
  21 swamp worms
  2 acid dragons
  5 hell hounds (Lair:6)
  25 water moccasins
  Duvessa (D:5)
  27 orc warriors
  2 swamp drakes (Swamp:4)
  3 necrophages
  An ice beast (D:6)
  2 sky beasts (D:6)
  3 ogres
  2 centaurs
  A phantom (D:5)
  3 kobold brigands
  12 bullfrogs
  A gnoll sergeant (D:9)
  A scorpion (Lair:3)
  Dowan (D:5)
  2 water moccasin skeletons
  32 killer bees
  5 wights (D:10)
  2 howler monkeys
  5 lava snakes (Lair:6)
  2 bullfrog zombies
  2 jellies
  13 orc priests
  2 hounds (D:5)
  2 centaur skeletons
  2 iguanas
  19 orc wizards
  7 hell rats
  A howler monkey zombie (D:9)
  A howler monkey skeleton (D:7)
  7 adders
  9 gnolls
  3 river rats (D:8)
  A white imp (D:8)
  2 adder skeletons
  A worm (D:5)
  4 dart slugs
  46 orcs
  6 ball pythons
  8 endoplasms
  6 giant cockroaches
  5 goblins
  5 hobgoblins
  2 jackals (D:3)
  10 quokkas
  3 bats
  3 frilled lizards
  13 kobolds
  7 rats
674 creatures vanquished.

Vanquished Creatures (collateral kills)
  A yak (Lair:6)
  A hog (Lair:5)
  A basilisk (Lair:6)
  A swamp worm (Swamp:3)
4 creatures vanquished.

Vanquished Creatures (others)
  2 black mambas (Lair:6)
  A rime drake (Lair:6)
  2 yaks
  A human (Lair:5)
  A bush (Lair:2)
  10 foxfires
  71 fungi
  90 plants
178 creatures vanquished.

Grand Total: 856 creatures vanquished

Notes
Turn   | Place    | Note
-------+----------+-------------------------------------------
     0 | D:1      | Anothat the Draconian Conjurer began the quest for the Orb.
     0 | D:1      | Reached XP level 1. HP: 14/14 MP: 3/3
   405 | D:1      | Reached XP level 2. HP: 20/20 MP: 1/5
   695 | D:1      | Found a faded altar of an unknown god.
   984 | D:2      | Found a white marble altar of Elyvilon.
  1369 | D:2      | Reached skill level 1 in Fighting
  1618 | D:2      | Reached XP level 3. HP: 28/28 MP: 3/6
  2143 | D:3      | Learned a level 2 spell: Searing Ray
  2383 | D:3      | Noticed Grinder
  2592 | D:3      | Found a radiant altar of Vehumet.
  2600 | D:3      | Became a worshipper of Vehumet
  2806 | D:3      | Found a shimmering altar of Xom.
  2983 | D:3      | Found a bloodstained altar of Trog.
  3025 | D:3      | Reached XP level 4. HP: 26/36 MP: 2/8
  3699 | D:3      | Reached * piety under Vehumet
  3699 | D:3      | Offered knowledge of Sandblast by Vehumet.
  4059 | D:4      | Reached XP level 5. HP: 36/42 MP: 0/9
  4352 | D:4      | Found a staircase to the Ecumenical Temple.
  4489 | D:4      | Noticed Eustachio
  4586 | D:4      | Reached skill level 5 in Conjurations
  4951 | D:4      | Killed Eustachio
  4952 | D:4      | Reached XP level 6. HP: 47/52 MP: 1/11
  5189 | D:5      | Entered Level 5 of the Dungeon
  5192 | D:5      | Noticed Duvessa
  5195 | D:5      | Noticed Dowan
  5202 | D:5      | Killed Dowan
  5212 | D:5      | Killed Duvessa
  5213 | D:5      | Your scales start taking on a golden yellow colour.
  5213 | D:5      | Reached XP level 7. HP: 47/60 MP: 2/13
  5213 | D:5      | Gained mutation: You are resistant to acid. (rCorr) [Yellow
                  | Draconian growth]
  5366 | D:5      | Learned a level 3 spell: Stone Arrow
  5545 | D:5      | Reached skill level 1 in Earth Magic
  5704 | D:5      | Reached skill level 6 in Conjurations
  5891 | D:5      | Found a blossoming altar of Fedhas.
  5950 | D:5      | Found a hide-covered altar of Uskayaw.
  6034 | D:5      | Reached skill level 5 in Fighting
  6155 | D:5      | Offered knowledge of Freeze by Vehumet.
  6242 | D:5      | Reached ** piety under Vehumet
  6281 | D:5      | Reached skill level 5 in Spellcasting
  6288 | D:5      | Reached XP level 8. HP: 69/69 MP: 3/15
  6603 | D:5      | Found a sacrificial altar of Ru.
  6680 | D:5      | Found a broken altar of Ashenzari.
  6836 | D:6      | Reached skill level 7 in Conjurations
  6898 | D:6      | Found a glowing golden altar of the Shining One.
  7040 | D:6      | Found Soirumuhu's Serpentskin Sales.
  7055 | D:6      | Reached XP level 9. HP: 42/78 MP: 10/18
  7324 | D:6      | Noticed Maggie
  7338 | D:6      | Killed Maggie
  8002 | D:6      | Reached skill level 5 in Earth Magic
  8344 | D:7      | Found a white marble altar of Elyvilon.
  8421 | D:7      | Reached skill level 8 in Conjurations
  8487 | D:7      | Learned a level 4 spell: Iskenderun's Mystic Blast
  8492 | D:7      | Offered knowledge of Mephitic Cloud by Vehumet.
  9132 | D:8      | Noticed a death yak
  9423 | D:8      | Found a sparkling altar of Nemelex Xobeh.
  9423 | D:8      | Found an opulent altar of Gozag.
  9475 | D:8      | Noticed a death yak
  9522 | D:8      | Noticed a death yak
 10068 | D:7      | Killed a death yak
 10069 | D:7      | Reached XP level 10. HP: 80/88 MP: 5/20
 10203 | D:8      | Found a staircase to the Lair.
 10205 | D:8      | Noticed a cyclops
 10224 | D:8      | Killed a cyclops
 10317 | D:7      | Killed a death yak
 10318 | D:7      | Reached skill level 9 in Conjurations
 10556 | D:8      | Killed a death yak
 10833 | D:8      | Reached *** piety under Vehumet
 10890 | D:8      | Found a glowing silver altar of Zin.
 11744 | D:8      | Found a snail-covered altar of Cheibriados.
 11838 | Lair:1   | Entered Level 1 of the Lair of Beasts
 11924 | Lair:1   | Noticed a cane toad
 11928 | Lair:1   | Killed a cane toad
 12192 | Lair:1   | Noticed a black mamba
 12344 | Lair:1   | Killed a black mamba
 12345 | Lair:1   | Reached XP level 11. HP: 97/97 MP: 14/23
 13593 | Lair:2   | Reached skill level 10 in Conjurations
 13610 | Lair:2   | Reached skill level 10 in Fighting
 14432 | Lair:2   | Noticed a catoblepas
 14455 | Lair:2   | Killed a catoblepas
 14980 | Lair:2   | Offered knowledge of Airstrike by Vehumet.
 15618 | Lair:2   | Found a staircase to the Snake Pit.
 16073 | Lair:2   | Reached XP level 12. HP: 106/108 MP: 14/25
 16250 | Lair:2   | Noticed an eight-headed hydra
 16251 | Lair:2   | Noticed a four-headed hydra
 16681 | Lair:2   | Identified a scroll of acquirement
 16681 | Lair:2   | Acquired a staff of conjuration
 16760 | Lair:2   | Killed an eight-headed hydra
 16761 | Lair:2   | Reached skill level 11 in Conjurations
 16767 | Lair:2   | Killed a four-headed hydra
 16978 | Lair:2   | Found a staircase to the Swamp.
 17030 | Lair:3   | Noticed a seven-headed hydra
 17221 | Lair:3   | Noticed Gastronok
 17222 | Lair:3   | Noticed Sonja
 17268 | Lair:3   | Reached **** piety under Vehumet
 17281 | Lair:3   | Reached skill level 1 in Evocations
 17406 | Lair:3   | Killed Sonja
 17574 | Lair:3   | Noticed a boulder beetle
 17648 | Lair:3   | Offered knowledge of Yara's Violent Unravelling by Vehumet.
 18219 | Lair:3   | Killed a seven-headed hydra
 18220 | Lair:3   | Reached skill level 10 in Earth Magic
 18449 | Lair:3   | Learned a level 3 spell: Conjure Flame
 18463 | Lair:3   | Killed a boulder beetle
 18849 | Lair:3   | Killed Gastronok
 19413 | Lair:3   | Reached XP level 13. HP: 86/118 MP: 3/26
 19661 | Lair:4   | Reached skill level 12 in Conjurations
 20247 | Lair:4   | Reached skill level 5 in Evocations
 21182 | Lair:4   | Reached ***** piety under Vehumet
 21199 | Lair:4   | Offered knowledge of Iron Shot by Vehumet.
 21207 | Lair:4   | Learned a level 6 spell: Iron Shot
 23476 | Lair:5   | Reached skill level 10 in Spellcasting
 24584 | Lair:5   | Noticed Kirke
 24960 | Lair:5   | Killed Kirke
 25270 | Lair:6   | Entered Level 6 of the Lair of Beasts
 25277 | Lair:6   | Reached skill level 13 in Conjurations
 25277 | Lair:6   | Gained mutation: You have acidic saliva. [Yellow Draconian
                  | growth]
 25277 | Lair:6   | Reached XP level 14. HP: 127/127 MP: 13/28
 25733 | Lair:6   | Found a runed translucent door.
 25736 | Lair:6   | Found a viscous altar of Jiyva.
 25737 | Lair:6   | Found a staircase to the Slime Pits.
 27339 | Lair:6   | Offered knowledge of Iskenderun's Battlesphere by Vehumet.
 27346 | Lair:6   | Learned a level 5 spell: Iskenderun's Battlesphere
 27750 | Lair:6   | Found a large runed translucent door.
 27751 | Lair:6   | Found a large runed translucent door.
 28021 | Lair:6   | Identified the amulet "Uffiegok" {Reflect rCorr SH+5}
 29419 | D:9      | Found Raahiaw's Assorted Antiques.
 29533 | D:9      | Learned a level 5 spell: Lee's Rapid Deconstruction
 29774 | D:10     | Entered Level 10 of the Dungeon
 30533 | D:10     | Found a staircase to the Orcish Mines.
 30646 | D:10     | Reached skill level 14 in Conjurations
 31438 | Orc:1    | Entered Level 1 of the Orcish Mines
 31673 | Orc:1    | Reached skill level 1 in Staves
 31892 | Orc:1    | Offered knowledge of Conjure Ball Lightning by Vehumet.
 32423 | Orc:2    | Entered Level 2 of the Orcish Mines
 32817 | Orc:1    | Paralysed by an orc sorcerer for 2 turns
 33108 | Orc:1    | Found Xemutud's Magic Scroll Emporium.
 33116 | Orc:1    | Bought a scroll of teleportation for 42 gold pieces
 33455 | Orc:2    | Noticed Nergalle
 33459 | Orc:2    | Killed Nergalle
 33676 | Orc:2    | Noticed Urug
 33691 | Orc:2    | Killed Urug
 33953 | Orc:2    | Reached XP level 15. HP: 134/134 MP: 17/30
 33989 | Orc:2    | Noticed an orc warlord
 33996 | Orc:2    | Killed an orc warlord
 34162 | Orc:2    | Found Olygob's Antique Weapon Shop.
 34239 | Orc:2    | Found Dimnyper's General Store.
 34247 | Orc:2    | Bought a scroll of teleportation for 48 gold pieces
 34247 | Orc:2    | Bought a potion of heal wounds for 80 gold pieces
 34300 | Orc:2    | Found Vumumahai's Antique Armour Shop.
 34306 | Orc:2    | Bought a runed cloak for 232 gold pieces
 34326 | Orc:2    | Found Hoggy's Jewellery Emporium.
 34335 | Orc:2    | Bought a ring of magical power for 280 gold pieces
 34335 | Orc:2    | Bought an amulet of magic regeneration for 420 gold pieces
 34626 | Orc:2    | Found a staircase to the Elven Halls.
 34635 | Orc:2    | Noticed Rupert
 34641 | Orc:2    | Killed Rupert
 34828 | Orc:2    | Found Ereroogg's Jewellery Shop.
 35302 | Orc:2    | Bought a pair of gloves for 139 gold pieces
 35311 | Orc:2    | Learned a level 2 spell: Passwall
 35507 | Swamp:1  | Entered Level 1 of the Swamp
 36111 | Swamp:1  | Noticed a thorn hunter
 36121 | Swamp:1  | Killed a thorn hunter
 36289 | Swamp:1  | Found a runed translucent door.
 36572 | Swamp:1  | Identified the +2 leather armour of Usont {rPois Str-2
                  | Dex+7 SInv}
 36815 | Swamp:2  | Reached skill level 5 in Staves
 38765 | Swamp:3  | Reached skill level 15 in Conjurations
 39077 | Swamp:3  | Noticed a fenstrider witch
 39088 | Swamp:3  | Killed a fenstrider witch
 39279 | Swamp:3  | Offered knowledge of Ozocubu's Refrigeration by Vehumet.
 39280 | Swamp:3  | Reached XP level 16. HP: 130/141 MP: 25/32
 39453 | Swamp:4  | Entered Level 4 of the Swamp
 40349 | Swamp:4  | HP: 4/141 [eight-headed hydra (4)]
 40349 | Swamp:4  | HP: 1/141 [eight-headed hydra (3)]
 40349 | Swamp:4  | Slain by an eight-headed hydra

Illustrated notes

Levels and vault maps discovered:
D:1:      saegor_arrival_under_anarchy, layout_basic,
          hellmonk_ecumenical_altar_blasted
D:2:      layout_basic, basic_altar
D:3:      layout_loops_cross, trog_three_pillars_becter,
          nicolae_vehumet_altar_sigil, tgw_xom, gup_sewer_entry_bubbles,
          grunt_ministairs_14, minmay_misc_feat_alley, uniq_grinder
D:4:      layout_cave_pools, minmay_temple_entry_nine_rooms,
          serial_co_window_serial, co_window_corner_a, co_window_corner_a,
          co_window_paths_a, co_window_paths_a, co_window_paths_b,
          co_window_cross_1, co_window_paths_b, co_window_unsneaky_path_d,
          co_window_broadway_a, co_window_2corner, co_window_4corner_b,
          glass_columns_c, uniq_eustachio
D:5:      layout_basic, general_overflow_altar, hangedman_ru_absence,
          mainiacjoe_overflow_large_starburst, uniq_duvessa
D:6:      layout_basic, nicolae_overflow_hidden_temple, guppyfry_shop_venom,
          uniq_maggie
D:7:      layout_cave_pools, elyvilon_altar_4
D:8:      layout_basic, grunt_temple_overflow_opulence, kennysheep_mini,
          lemuel_coloured_pillars_altar, dpeg_lair_monsters,
          minmay_misc_feat_iff, kennysheep_small_circle
D:9:      layout_basic, serial_shops, shop, minmay_misc_feat_doors
D:10:     layout_cave_pods, orc_0_dummy, grunt_decor_resistance
Lair:1:   layout_small_grid, eino_small_chamber_without_monster,
          grunt_megastairs_2, lemuel_fruit_tree
Lair:2:   layout_concentric_octagons, palyth_hydra_swamp_entry,
          minmay_snake_entry_six_corridors
Lair:3:   layout_regular_city, grunt_megastairs_1, uniq_sonja, uniq_gastronok
Lair:4:   layout_cave_shapes, special_room [special_room_bee],
          minmay_lair_drake_nest
Lair:5:   layout_long_grid, serial_bayou_shore_b, infiniplex_staircase_pool_2,
          uniq_kirke
Lair:6:   cheibrodos_lair_end_hotspot, layout_gridlike, slime_altar_2,
          special_room [special_room_mythical_zoo]
Swamp:1:  gammafunk_mikee_crab_dinner, layout_basic_swamp,
          evilmike_swamp_ruin_house_3
Swamp:2:  cheibrodos_swamp_heart_of_darkness, layout_falls_marsh,
          nicolae_swamp_ascending_descending, swamp_pool2
Swamp:3:  layout_falls_marsh, nicolae_swamp_well_well_well
Swamp:4:  swamp, layout_basic_swamp, ebering_ghost_inner_flame
Orc:1:    layout_caves, serial_shops, nicolae_shop_trees, library_closet
Orc:2:    grunt_orc_cross, layout_caves, serial_shops, shop_statue, uniq_rupert

Skill      XL: |  1  2  3  4  5  6  7  8  9 10 11 12 13 14 15 16 |
---------------+-------------------------------------------------+-----
Dodging        | 2 |  2.0
Stealth        | 2 |  2.0
Fighting       | 1 2 3 4 5 6 8 9 10 12 | 12.9
Spellcasting   | 3 4 5 6 7 8 9 10 11 12 13 | 13.1
Conjurations   | 5 6 7 8 9 10 11 13 14 15 | 15.4
Earth Magic    | 2 4 6 7 9 10 11 13 14 | 14.5
Evocations     | 4 6 |  6.2
Staves         | 2 6 7 |  7.4

Action                   |  1- 3 |  4- 6 |  7- 9 | 10-12 | 13-15 | 16-18 || total
-------------------------+-------+-------+-------+-------+-------+-------++-------
Melee: Mace              |    15 |       |       |       |       |       ||    15
       Tailslap          |     1 |     1 |     4 |    13 |    17 |     3 ||    39
       Hand axe          |       |    15 |     1 |       |       |       ||    16
       Dagger            |       |       |    24 |    29 |       |       ||    53
       Staff             |       |       |       |    14 |    95 |     4 ||   113
       Unarmed           |       |       |       |       |     7 |       ||     7
       Bite              |       |       |       |       |     5 |     1 ||     6
 Cast: Magic Dart        |    95 |    64 |   117 |   107 |    20 |       ||   403
       Searing Ray       |     1 |     9 |    34 |    14 |    17 |       ||    75
       Stone Arrow       |       |       |     9 |   201 |   268 |     1 ||   479
       Iskenderun's Myst |       |       |       |    20 |    24 |     9 ||    53
       Conjure Flame     |       |       |       |     1 |     1 |       ||     2
       Iron Shot         |       |       |       |       |   295 |    46 ||   341
       Iskenderun's Batt |       |       |       |       |     5 |       ||     5
 Abil: Breathe Acid      |       |       |     5 |     6 |    12 |     1 ||    24
Evoke: Wand              |       |       |       |     9 |    35 |     3 ||    47
       Condenser vane    |       |       |       |     1 |     4 |     1 ||     6
       Lightning rod     |       |       |       |     2 |    13 |     5 ||    20
  Use: Potion            |     2 |     2 |     1 |     3 |    10 |       ||    18
       Scroll            |       |     7 |     8 |     6 |     4 |     4 ||    29
 Stab: Confused          |       |       |       |     1 |     1 |       ||     2
       Paralysed         |       |       |       |       |     7 |     4 ||    11
Armor: Skin              |    17 |    19 |    53 |    58 |   148 |     8 ||   303
Dodge: Dodged            |    18 |    14 |    92 |    94 |   171 |    10 ||   399
Block: Other             |       |       |       |    34 |    51 |       ||    85
       Reflection        |       |       |       |     1 |     5 |       ||     6
